SAA
BELVEDERE PARK RAWHIDES @ MARQUETTE MINERS
05/29/2024
 
TOP OF THE 1ST
Belvedere Park Rawhides batting - Pitching for Marquette Miners : RHP Jorge Carrión
Pitching: RHP Jorge Carrión
Batting: RHB Wessel Wemerman 0-0: Swinging Strike
0-1: Ball
1-1: Ground out 6-3 (Groundball, 6S)
Batting: LHB Gustavo Vázquez 0-0: SINGLE (Flyball, 89S)
Batting: LHB Willie Brown 0-0: Ball
1-0: Ball
2-0: Foul Ball, location: 2F
2-1: Ball
3-1: Foul Ball, location: 2F
3-2: Fly out, F4 (Popup, 4)
Batting: SHB Juan Barbán 0-0: Ball
Gustavo Vázquez is caught stealing 2nd base
Top of the 1st over - 0 run(s), 1 hit(s), 0 error(s), 0 left on base; Belvedere Park 0 - Marquette 0
BOTTOM OF THE 1ST
Marquette Miners batting - Pitching for Belvedere Park Rawhides : RHP Esteban Marino
Pitching: RHP Esteban Marino
Batting: SHB Dylan Carson 0-0: Ball
1-0: Ball
2-0: Foul Ball, location: 2F
2-1: Foul Ball, location: 2F
2-2: Ball
3-2: Fly out, F4 (Popup, 3D)
Batting: SHB Ken Osborne 0-0: Ball
1-0: Ball
2-0: Ball
3-0: Base on Balls
Batting: RHB Ed Adams 0-0: Ball
1-0: Called Strike
1-1: Ball
2-1: Grounds into double play, 6-4-3 (Groundball, 6)
Bottom of the 1st over - 0 run(s), 0 hit(s), 0 error(s), 0 left on base; Belvedere Park 0 - Marquette 0
TOP OF THE 2ND
Belvedere Park Rawhides batting - Pitching for Marquette Miners : RHP Jorge Carrión
Batting: SHB Juan Barbán 0-0: Ball
1-0: Ball
2-0: Foul Ball, location: 2F
2-1: Ball
3-1: Foul Ball, location: 2F
3-2: Ground out 6-3 (Groundball, 6)
Batting: RHB Marshall Lamar 0-0: Ball
1-0: Ball
2-0: Called Strike
2-1: Foul Ball, location: 2F
2-2: Strikes out swinging
Batting: SHB Javier Valle 0-0: Called Strike
0-1: Ball
1-1: Foul Ball, location: 2F
1-2: Fly out, F6 (Popup, 6MD)
Top of the 2nd over - 0 run(s), 0 hit(s), 0 error(s), 0 left on base; Belvedere Park 0 - Marquette 0
BOTTOM OF THE 2ND
Marquette Miners batting - Pitching for Belvedere Park Rawhides : RHP Esteban Marino
Batting: RHB Preston Hernández 0-0: Swinging Strike
0-1: Ground out 5-3 (Groundball, 56S)
Batting: LHB Rick Harrison 0-0: Ball
1-0: Ball
2-0: Ball
3-0: Called Strike
3-1: Swinging Strike
3-2: Fly out, F6 (Popup, 6MD)
Batting: RHB Ken Little 0-0: Foul Ball, location: 2F
0-1: Foul Ball, location: 2F
0-2: Foul Ball, location: 2F
0-2: Hit by Pitch
Batting: RHB Félix De La Hoya 0-0: Ball
1-0: Foul Ball, location: 2F
1-1: Ball
2-1: Ball
3-1: Ground out 1-3 (Groundball, 13)
Bottom of the 2nd over - 0 run(s), 0 hit(s), 0 error(s), 1 left on base; Belvedere Park 0 - Marquette 0
TOP OF THE 3RD
Belvedere Park Rawhides batting - Pitching for Marquette Miners : RHP Jorge Carrión
Batting: RHB Jim Burch 0-0: Called Strike
0-1: Ball
1-1: Swinging Strike
1-2: Ball
2-2: Strikes out swinging
Batting: SHB Galtero Suárez 0-0: Foul Ball, location: 2F
0-1: Swinging Strike
0-2: Ball
1-2: Ball
2-2: Ground out 5-3 (Groundball, 56)
Batting: SHB Francisco Valentín 0-0: Ground out 2-3 (Groundball, 2L)
Top of the 3rd over - 0 run(s), 0 hit(s), 0 error(s), 0 left on base; Belvedere Park 0 - Marquette 0
BOTTOM OF THE 3RD
Marquette Miners batting - Pitching for Belvedere Park Rawhides : RHP Esteban Marino
Batting: RHB Isaac Downey 0-0: Foul Ball, location: 2F
0-1: Swinging Strike
0-2: Fly out, F8 (Flyball, 8RM)
Batting: RHB David Barrón 0-0: Called Strike
0-1: Swinging Strike
0-2: Foul Ball, location: 2F
0-2: Ball
1-2: Strikes out looking
Batting: SHB Dylan Carson 0-0: Ball
1-0: Ball
2-0: TRIPLE (Line Drive, 9LM)
Batting: SHB Ken Osborne 0-0: Ball
Wild Pitch!
Dylan Carson scores
1-0: Ball
2-0: Ball
3-0: Base on Balls
Batting: RHB Ed Adams 0-0: Ball
1-0: Called Strike
1-1: Foul Ball, location: 2F
1-2: Ball
2-2: Strikes out swinging
Bottom of the 3rd over - 1 run(s), 1 hit(s), 0 error(s), 1 left on base; Belvedere Park 0 - Marquette 1
TOP OF THE 4TH
Belvedere Park Rawhides batting - Pitching for Marquette Miners : RHP Jorge Carrión
Batting: RHB Wessel Wemerman 0-0: Ball
1-0: Ball
2-0: Called Strike
2-1: Foul Ball, location: 2F
2-2: Ball
3-2: Base on Balls
Batting: LHB Gustavo Vázquez 0-0: Ball
1-0: Ball
2-0: SINGLE (Groundball, 34S)
Wessel Wemerman to second
Runner from 2nd tries for 3rd, SAFE, no throw or cutoff
Batting: LHB Willie Brown 0-0: Called Strike
0-1: Ball
1-1: Ball
2-1: Fly out, F6 (Popup, 5DF)
Batting: SHB Juan Barbán 0-0: Ball
Gustavo Vázquez steals 2nd base
1-0: Ball
2-0: Ball
3-0: Base on Balls
Batting: RHB Marshall Lamar 0-0: Ball
1-0: Swinging Strike
1-1: Fly out, F9 (Line Drive, 9M)
Runner from 3rd tags up, SCORES, no throw
Batting: SHB Javier Valle 0-0: Ball
1-0: Ball
2-0: Called Strike
2-1: Called Strike
2-2: Strikes out swinging
Top of the 4th over - 1 run(s), 1 hit(s), 0 error(s), 2 left on base; Belvedere Park 1 - Marquette 1
BOTTOM OF THE 4TH
Marquette Miners batting - Pitching for Belvedere Park Rawhides : RHP Esteban Marino
Batting: RHB Preston Hernández 0-0: Ball
1-0: Ball
2-0: Foul Ball, location: 2F
2-1: Ball
3-1: SINGLE (Groundball, 6MD)
Batting: LHB Rick Harrison 0-0: Ball
1-0: Ball
2-0: Swinging Strike
2-1: Ball
3-1: Foul Ball, location: 2F
3-2: Foul Ball, location: 2F
3-2: Base on Balls
Preston Hernández to second
Batting: RHB Ken Little 0-0: Ball
1-0: Foul Ball, location: 2F
1-1: Grounds into double play, 4-6-3 (Groundball, 4)
Preston Hernández to third
Batting: RHB Félix De La Hoya 0-0: DOUBLE (Line Drive, 7LS)
Preston Hernández scores
Batting: RHB Isaac Downey 0-0: Called Strike
0-1: Foul Ball, location: 2F
0-2: Ball
1-2: Foul Ball, location: 2F
1-2: Ground out 4-3 (Groundball, 4)
Bottom of the 4th over - 1 run(s), 2 hit(s), 0 error(s), 1 left on base; Belvedere Park 1 - Marquette 2
TOP OF THE 5TH
Belvedere Park Rawhides batting - Pitching for Marquette Miners : RHP Jorge Carrión
Batting: RHB Jim Burch 0-0: Called Strike
0-1: Foul Ball, location: 2F
0-2: Fly out, F5 (Popup, 5SF)
Batting: SHB Galtero Suárez 0-0: Called Strike
0-1: Foul Ball, location: 2F
0-2: SINGLE (Groundball, 34D)
Batting: SHB Francisco Valentín 0-0: SINGLE (Line Drive, 6MD)
Galtero Suárez to second
Batting: RHB Wessel Wemerman 0-0: Called Strike
0-1: Reached on error, E5 (Groundball, 56)
Galtero Suárez to third
Francisco Valentín to second
Batting: LHB Gustavo Vázquez 0-0: Ball
1-0: SINGLE (Flyball, 9S)
Galtero Suárez scores
Francisco Valentín to third
Wessel Wemerman to second
Runner from 3rd tries for Home, throw and OUT!
Wessel Wemerman to third
Gustavo Vázquez to second
Batting: LHB Willie Brown 0-0: Ball
1-0: Foul Ball, location: 2F
1-1: Called Strike
1-2: Foul Ball, location: 2F
1-2: Ball
2-2: Strikes out swinging
Top of the 5th over - 1 run(s), 3 hit(s), 1 error(s), 2 left on base; Belvedere Park 2 - Marquette 2
BOTTOM OF THE 5TH
Marquette Miners batting - Pitching for Belvedere Park Rawhides : RHP Esteban Marino
Batting: RHB David Barrón 0-0: Called Strike
0-1: SINGLE (Line Drive, 6MD)
Batting: SHB Dylan Carson 0-0: Ball
1-0: Sac Bunt - play at first, batter OUT! 1-3
David Barrón to second
Batting: SHB Ken Osborne 0-0: Ball
1-0: Foul Ball, location: 2F
1-1: Ball
2-1: Called Strike
2-2: Ball
3-2: Foul Ball, location: 2F
3-2: SINGLE (Groundball, 6MD)
David Barrón to third
Batting: RHB Ed Adams 0-0: Ball
Ken Osborne steals 2nd base
1-0: Foul Ball, location: 2F
1-1: Swinging Strike
1-2: Ball
2-2: Ball
3-2: Foul Ball, location: 2F
3-2: Base on Balls
Batting: RHB Preston Hernández 0-0: Ball
1-0: Fly out, F9 (Popup, 89S)
Batting: LHB Rick Harrison 0-0: Ball
1-0: Swinging Strike
1-1: Ground out 4-3 (Groundball, 4)
Bottom of the 5th over - 0 run(s), 2 hit(s), 0 error(s), 3 left on base; Belvedere Park 2 - Marquette 2
TOP OF THE 6TH
Belvedere Park Rawhides batting - Pitching for Marquette Miners : RHP Jorge Carrión
Batting: SHB Juan Barbán 0-0: Called Strike
0-1: Ball
1-1: Ball
2-1: Called Strike
2-2: DOUBLE (Line Drive, 78M)
Batting: RHB Marshall Lamar 0-0: Ball
1-0: Ball
2-0: Ground out 5-3 (Groundball, 56S)
Juan Barbán to third
Batting: SHB Javier Valle 0-0: Ball
1-0: Ball
2-0: Foul Ball, location: 2F
2-1: Foul Ball, location: 2F
2-2: Strikes out swinging
Batting: RHB Jim Burch 0-0: Ground out 6-3 (Groundball, 56)
Top of the 6th over - 0 run(s), 1 hit(s), 0 error(s), 1 left on base; Belvedere Park 2 - Marquette 2
BOTTOM OF THE 6TH
Marquette Miners batting - Pitching for Belvedere Park Rawhides : RHP Esteban Marino
Pitching: RHP Timothy Jackson
Batting: RHB Ken Little 0-0: Swinging Strike
0-1: Called Strike
0-2: Strikes out swinging
Batting: RHB Félix De La Hoya 0-0: Called Strike
0-1: Called Strike
0-2: Ball
1-2: Foul Ball, location: 2F
1-2: Foul Ball, location: 2F
1-2: Ground out 6-3 (Groundball, 6)
Batting: RHB Isaac Downey 0-0: Ball
1-0: Ball
2-0: Called Strike
2-1: Swinging Strike
2-2: Reached on error, E6 (Groundball, 6M)
Batting: RHB David Barrón 0-0: Called Strike
0-1: Ball
1-1: Ball
2-1: Ball
3-1: Base on Balls
Isaac Downey to second
Batting: SHB Dylan Carson 0-0: Foul Ball, location: 2F
0-1: Swinging Strike
0-2: Ball
1-2: Ball
2-2: Foul Ball, location: 2F
2-2: Ground out 4-3 (Groundball, 4)
Bottom of the 6th over - 0 run(s), 0 hit(s), 1 error(s), 2 left on base; Belvedere Park 2 - Marquette 2
TOP OF THE 7TH
Belvedere Park Rawhides batting - Pitching for Marquette Miners : RHP Jorge Carrión
Batting: SHB Galtero Suárez 0-0: Ball
1-0: Foul Ball, location: 2F
1-1: Called Strike
1-2: Strikes out swinging
Pinch Hitting: RHB Victorino Navarro 0-0: Called Strike
0-1: Called Strike
0-2: Ball
1-2: Fly out, F9 (Popup, 34D)
Pinch Hitting: SHB Greg Henderson 0-0: Ball
1-0: Called Strike
1-1: Ball
2-1: Foul Ball, location: 2F
2-2: Foul Ball, location: 2F
2-2: Ball
3-2: Base on Balls
Pitching: LHP Gerardo Carlos
Pinch Hitting: RHB Pedro Jiménez 0-0: Ball
1-0: Ball
2-0: Ball
3-0: Called Strike
3-1: Swinging Strike
3-2: Base on Balls
Greg Henderson to second
Pinch Hitting: RHB Justin Miles 0-0: Ball
1-0: Ball
2-0: Called Strike
2-1: Ground out 6-3 (Groundball, 6)
Top of the 7th over - 0 run(s), 0 hit(s), 0 error(s), 2 left on base; Belvedere Park 2 - Marquette 2
BOTTOM OF THE 7TH
Marquette Miners batting - Pitching for Belvedere Park Rawhides : RHP Timothy Jackson
Now at 1B: Pedro Jiménez
Now at 2B: Victorino Navarro
Now in LF: César López
Now in CF: Greg Henderson
Batting: SHB Ken Osborne 0-0: Ball
1-0: SINGLE (Groundball, 34D) (infield hit)
Batting: RHB Ed Adams 0-0: Fielders Choice at 2nd, 6-4 (Groundball, 6M)
Batting: RHB Preston Hernández 0-0: Swinging Strike
0-1: Ball
1-1: Foul Ball, location: 2F
1-2: Fly out, F8 (Flyball, 8RM)
1-2: Fly out, F8 (Flyball, 8RM)
Batting: LHB Rick Harrison 0-0: Ball
1-0: Called Strike
1-1: Fly out, F5 (Popup, 5SF)
Bottom of the 7th over - 0 run(s), 1 hit(s), 0 error(s), 1 left on base; Belvedere Park 2 - Marquette 2
TOP OF THE 8TH
Belvedere Park Rawhides batting - Pitching for Marquette Miners : LHP Gerardo Carlos
Batting: SHB Juan Barbán 0-0: Called Strike
0-1: SINGLE (Line Drive, 9S)
Pinch Hitting: RHB Johnny Foster 0-0: Called Strike
0-1: Ball
1-1: Swinging Strike
1-2: Strikes out swinging
Batting: SHB Javier Valle 0-0: Ball
1-0: Ball
2-0: Foul Ball, location: 2F
2-1: Swinging Strike
2-2: Ball
3-2: Strikes out swinging
Batting: RHB Jim Burch 0-0: Foul Ball, location: 2F
0-1: Swinging Strike
0-2: Ball
1-2: Strikes out looking
Top of the 8th over - 0 run(s), 1 hit(s), 0 error(s), 1 left on base; Belvedere Park 2 - Marquette 2
BOTTOM OF THE 8TH
Marquette Miners batting - Pitching for Belvedere Park Rawhides : RHP Timothy Jackson
Now in RF: Johnny Foster
Batting: RHB Ken Little 0-0: Foul Ball, location: 2F
0-1: Ball
1-1: Foul Ball, location: 2F
1-2: Ball
2-2: Ball
3-2: DOUBLE (Flyball, 89S)
Batting: RHB Félix De La Hoya 0-0: Ball
1-0: Called Strike
1-1: Called Strike
1-2: Ball
2-2: SINGLE (Groundball, 56D) (infield hit)
Ken Little to third
Batting: RHB Isaac Downey 0-0: Ball
1-0: Ground out 6-3 (Groundball, 6)
Félix De La Hoya to second
Batting: RHB David Barrón 0-0: Foul Ball, location: 2F
0-1: Ball
1-1: Ball
2-1: Fly out, F9 (Flyball, 89M)
Runner from 3rd tags up, SCORES, throw made
Pitching: LHP Nick Mason
Pinch Hitting: RHB Bernardo Márquez 0-0: Ball
1-0: Called Strike
1-1: Ball
2-1: Ball
3-1: Base on Balls
Batting: SHB Ken Osborne 0-0: Foul Ball, location: 2F
0-1: Called Strike
0-2: Ball
1-2: Ball
2-2: SINGLE (Groundball, 56D)
Félix De La Hoya to third
Bernardo Márquez to second
Runner from 3rd tries for Home, SAFE, no throw or cutoff
Batting: RHB Ed Adams 0-0: Ball
1-0: Foul Ball, location: 2F
1-1: Fly out, F7 (Flyball, 7M)
Bottom of the 8th over - 2 run(s), 3 hit(s), 0 error(s), 2 left on base; Belvedere Park 2 - Marquette 4
TOP OF THE 9TH
Belvedere Park Rawhides batting - Pitching for Marquette Miners : LHP Gerardo Carlos
Pitching: RHP Sean Evans
Now in CF: Ron Johnston
Batting: SHB Galtero Suárez 0-0: Ball
1-0: Called Strike
1-1: Foul Ball, location: 2F
1-2: Strikes out swinging
Batting: RHB Victorino Navarro 0-0: Called Strike
0-1: TRIPLE (Line Drive, 8LM)
Batting: SHB Greg Henderson 0-0: Called Strike
0-1: Fly out, F8 (Flyball, 89M)
Runner from 3rd tags up, SCORES, no throw
Batting: RHB Pedro Jiménez 0-0: Ground out 4-3 (Groundball, 4)
Top of the 9th over - 1 run(s), 1 hit(s), 0 error(s), 0 left on base; Belvedere Park 3 - Marquette 4
This league is powered by Out of the Park Baseball, the baseball management simulation game for PC, Mac and Linux
Monday, October 3rd, 2016 - OOTP Baseball 16.9 Build 39